 Dungeon Crawl Stone Soup version 0.31-a0-1009-g454b1f1e0a (webtiles) character file.

Game seed: 4844321378938714695

43 Malachi the Shooter (level 3, 0/27 HPs)
             Began as a Demonspawn Hunter on Nov 14, 2023.
             Succumbed to an adder's poison
             ... on level 2 of the Dungeon.
             The game lasted 00:01:04 (637 turns).

Malachi the Shooter (Demonspawn Hunter)              Turns: 637, Time: 00:01:05

Health: 0/27       AC:  5    Str: 11    XL:     3   Next: 37%
Magic:  3/3        EV: 12    Int: 10    God:
Gold:   17         SH:  5    Dex: 18    Spells: 2/2 levels left

rFire   . . .        a - +0 shortbow
rCold   . . .        (shield currently unavailable)
rNeg    . . .        c - +0 leather armour
rPois   .            (helmet restricted)
rElec   .            (no cloak)
rCorr   .            (no gloves)
SInv    .            (no boots)
Will    .....        f - amulet of reflection
Stlth   ++           (no ring)
HPRegen 0.24/turn    (no ring)
MPRegen 0.08/turn

%: reflection
@: lethally poisoned (0 -> -4)
A: horns 1, thin metallic scales 1
a: no special abilities


You were on level 2 of the Dungeon.
You visited 1 branch of the dungeon, and saw 2 of its levels.

You collected 17 gold pieces.

Inventory:

Hand Weapons
 a - a +0 shortbow (weapon)
 g - a +1 short sword of draining
Armour
 c - a +0 leather armour (worn)
Jewellery
 f - an amulet of reflection (around neck)
 i - a +6 ring of strength
Scrolls
 b - a scroll of butterflies
 d - 2 scrolls of identify {unknown}
 e - 2 scrolls of fear {unknown}
 h - a scroll of teleportation {unknown}
 j - a scroll of vulnerability {unknown}


   Skills:
 - Level 2.0 Fighting
 + Level 4.7 Ranged Weapons
 - Level 1.7 Dodging
 - Level 0.8 Stealth


You had 2 spell levels left.
You didn't know any spells.
Your spell library was empty.

Dungeon Overview and Level Annotations

Branches:
Dungeon (2/15)

Altars:


Innate Abilities, Weirdness & Mutations

You have a pair of small horns on your head.
You are partially covered in thin metallic scales. (AC +2)


Message History

The adder is heavily wounded.
The adder barely misses you.
Fire: a) +0 shortbow
Press: ? - help, Q - select action Shift-Dir - straight line, f/p - adder
Aim: an adder (heavily wounded, 48% to hit)
You shoot an arrow. The arrow closely misses the adder.
The adder closely misses you. The adder misses you.
Unknown command.
Fire: a) +0 shortbow
Press: ? - help, Q - select action Shift-Dir - straight line, f/p - adder
Aim: an adder (heavily wounded, 48% to hit)
You shoot an arrow. The arrow misses the adder.
The adder barely misses you. x2
Unknown command.
Fire: a) +0 shortbow
Press: ? - help, Q - select action Shift-Dir - straight line, f/p - adder
Aim: an adder (heavily wounded, 48% to hit)
You shoot an arrow. The arrow completely misses the adder.
The adder bites you but does no damage.
Unknown command.
Fire: a) +0 shortbow
Press: ? - help, Q - select action Shift-Dir - straight line, f/p - adder
Aim: an adder (heavily wounded, 48% to hit)
You shoot an arrow. The arrow completely misses the adder.
The adder closely misses you. The adder bites you but does no damage.
Fire: a) +0 shortbow
Press: ? - help, Q - select action Shift-Dir - straight line, f/p - adder
Aim: an adder (heavily wounded, 48% to hit)
You shoot an arrow. The arrow hits the adder.
The adder is heavily wounded.
The adder bites you.
* * * LOW HITPOINT WARNING * * *
You are lethally poisoned!
The adder poisons you! The adder barely misses you.
You aren't carrying any potions.
Fire: a) +0 shortbow
Press: ? - help, Q - select action Shift-Dir - straight line, f/p - adder
Aim: an adder (heavily wounded, 48% to hit)
You shoot an arrow. The arrow misses the adder.
You die...

.#. #.# #.# #.# #
##.#####.#### #.#
.......<†...###.###
#####.##..........#
# #.#####.###...#
##.#.#### #.#
#....##.# ......†.#
#.# ####.##.#
#.#####.# #.##.#
#..S@...# #.##..
.......######.#
#.##.# ...###. #.#
#####[##.# #.
#.####........# #.
#.........##### #.
#.####.#### #. #.#
#.# #. #.# #.# ...
###


You could see an adder.

Vanquished Creatures
  A gnoll (D:1)
  An adder (D:2)
  A dart slug (D:2)
  An endoplasm (D:1)
  3 goblins (D:1)
  2 hobgoblins
  A quokka (D:1)
  2 bats (D:1)
  A frilled lizard (D:2)
  6 kobolds
  2 rats
21 creatures vanquished.

Notes
Turn   | Place    | Note
-------+----------+-------------------------------------------
     0 | D:1      | Malachi the Demonspawn Hunter began the quest for the Orb.
     0 | D:1      | Reached XP level 1. HP: 16/16 MP: 1/1
   170 | D:1      | Reached skill level 4 in Ranged Weapons
   190 | D:1      | Gained mutation: You are partially covered in thin metallic
                  | scales. (AC +2) [demonic ancestry]
   190 | D:1      | Reached XP level 2. HP: 22/22 MP: 2/2
   520 | D:2      | Gained mutation: You have a pair of small horns on your
                  | head. [demonic ancestry]
   520 | D:2      | Reached XP level 3. HP: 27/27 MP: 3/3
   630 | D:2      | HP: 1/27 [poisoned by an adder]
   636 | D:2      | HP: 1/27 [adder (2)]
   637 | D:2      | Succumbed to an adder's poison

Illustrated notes

Levels and vault maps discovered:
D:1:      dpeg_arrival_tiny_a, layout_basic
D:2:      layout_loops_ring, uniq_crazy_yiuf_cottage

Skill      XL: |  1 |
---------------+----+-----
Ranged Weapons | 4 |  4.7
Fighting       | |  2.0
Dodging        | |  1.7
Stealth        | |  0.8

Action                     || total
---------------------------++-------
   Fire: Shortbow          ||    71
 Armour: Leather armour    ||    24
  Dodge: Dodged            ||    33
  Block: Other             ||     2

Table legend: (Time is in decaauts)
 A = Elapsed time spent in this place.
 B = Non-inter-level travel time spent in this place.
 C = Inter-level travel time spent in this place.
 D = Time resting spent in this place.
 E = Time spent auto-exploring this place.
 F = Levels seen in this place.
 G = Mean time per level.
                   A        B        C        D        E       F      G
               +--------+--------+--------+--------+--------+-----+--------+
         Total |    653 |    617 |     36 |      0 |    450 |   2 |  326.5 |
       Dungeon |    653 |    617 |     36 |      0 |    450 |   2 |  326.5 |
               +--------+--------+--------+--------+--------+-----+--------+

Top non-repeatable levels by time:
     D:1: 509 daAuts
     D:2: 143 daAuts
